 Dungeon Crawl Stone Soup version 0.21-a0-437-ge5bf024 (webtiles) character file.

958 karf the Cleaver (level 7, -8/64 HPs)
             Began as a Minotaur Berserker on Nov 9, 2017.
             Was a Priest of Trog.
             Mangled by an ogre
             ... wielding a cursed -1 giant club
              (18 damage)
             ... on level 3 of the Dungeon.
             The game lasted 00:08:42 (4348 turns).

karf the Cleaver (Minotaur Berserker)               Turns: 4348, Time: 00:08:43

Health: -8/64      AC:  7    Str: 21    XL:     7   Next: 91%
Magic:  15/15      EV:  5    Int:  6    God:    Trog [***...]
Gold:   160        SH:  0    Dex: 12    Spells: 6/6 levels left

rFire    + . .     SeeInvis .   h - -3 hand axe (curse)
rCold    . . .     Gourm    .   (no shield)
rNeg     . . .     Faith    +   o - +0 ring mail (curse)
rPois    .         Spirit   .   (helmet restricted)
rElec    .         Reflect  .   (no cloak)
rCorr    .         Harm     .   (no gloves)
MR       .....                  w - +0 pair of boots
Stlth    +.........             s - amulet of faith
HPRegen  0.20/turn              k - -6 ring of evasion (curse)
MPRegen  0.14/turn              u - ring of magical power

@: no status effects
A: retaliatory headbutt, horns 2, blurry vision 1, clever 1, fire resistance 1
a: Berserk, Trog's Hand, Burn Spellbooks, Renounce Religion


You were on level 3 of the Dungeon.
You worshipped Trog.
Trog was most pleased with you.
You were not hungry.

You visited 1 branch of the dungeon, and saw 4 of its levels.

You collected 160 gold pieces.

Inventory:

Hand Weapons
 a - a +1 hand axe
 h - a cursed -3 hand axe (weapon)
 m - a +0 hand axe
Armour
 b - a +0 animal skin
 j - a +1 scale mail
 o - a cursed +0 ring mail (worn)
 w - a +0 pair of boots (worn)
Jewellery
 k - a cursed -6 ring of evasion (left hand)
 s - an amulet of faith (around neck)
 u - a ring of magical power (right hand)
Scrolls
 f - a scroll of enchant weapon
 g - 2 scrolls of fog
 l - a scroll of teleportation
 t - a scroll of blinking
 x - 2 scrolls of identify
Potions
 e - 2 potions of curing
 i - a potion of invisibility {unknown}
 n - 2 potions of agility
 p - 2 potions of cancellation
 q - a potion of magic
 v - a potion of ambrosia
 z - a potion of flight {unknown}
Comestibles
 c - 5 bread rations
 d - 3 fruits


   Skills:
 + Level 6.5 Fighting
 * Level 8.6 Axes
 + Level 5.9 Armour
 - Level 2.2 Dodging


You had 6 spell levels left.
You didn't know any spells.

Dungeon Overview and Level Annotations

Branches:
Dungeon (4/15)             Temple (0/1) D:4

Altars:
Dithmenos
Fedhas
Hepliaklqana
Sif Muna
Uskayaw
Wu Jian

Annotations:
D:3 exclusion: downstairs


Innate Abilities, Weirdness & Mutations

You reflexively headbutt those who attack you in melee.
You have a pair of horns on your head.
Scrolls take you a little longer to read.
Your mind is acute. (Int +2)
Your flesh is heat resistant. (rF+)


Message History

There is a stone staircase leading up here.
You hit the ogre but do no damage. You headbutt the ogre.
The ogre is lightly wounded.
You hit the ogre but do no damage. Your headbutt misses the ogre.
The ogre is lightly wounded.
The ogre hits you with a giant club.
You hit the ogre.
The ogre is lightly wounded.
You hit the ogre.
The ogre is lightly wounded.
The ogre hits you with a giant club!!
You hit the ogre. You headbutt the ogre!
The ogre is heavily wounded.
The ogre hits you with a giant club!!
* * * LOW HITPOINT WARNING * * *
You climb upwards.
Level annotation: exclusion: downstairs
There is a stone staircase leading down here.
The ogre hits you with a giant club!!
You die...

##..................#.#####......
.#..................#.# #......
.#..................#'### #......
.#...............(##....###......
.#....#...........(.......#......
......#............(......#......
......#.......>..................
......#........O......)..........
##....#........#@#..)..........##
##.......................#...##
##'#.........#..........#...#
#.#......<..#..#'#'#####...#
#.#.........####.#.# #...#
#.#.######..#....#.# #####
#.#.........#.####.#
#.#########.#......#
#...........########


You could see an ogre.

Vanquished Creatures
  The ghost of karf the Cleaver, a novice MiBe of Trog (D:4)
  The ghost of zorance the Slasher, an amateur BaSk (D:3)
  2 ogres (D:4)
  A bullfrog (D:4)
  A hound (D:4)
  2 iguanas
  A worker ant (D:4)
  A gnoll (D:4)
  8 adders
  2 oozes
  2 worms (D:3)
  2 dart slugs
  3 leopard geckos
  7 orcs (D:3)
  6 giant cockroaches
  6 goblins
  12 hobgoblins
  4 jackals
  2 quokkas
  A ball python (D:2)
  4 bats
  11 frilled lizards
  11 kobolds
  A leopard gecko skeleton (D:4)
  14 rats
106 creatures vanquished.

Notes
Turn   | Place    | Note
-------+----------+-------------------------------------------
     0 | D:1      | karf the Minotaur Berserker began the quest for the Orb.
     0 | D:1      | Reached XP level 1. HP: 19/19 MP: 0/0
    61 | D:1      | Reached skill level 4 in Axes
    61 | D:1      | Reached XP level 2. HP: 15/27 MP: 1/1
   671 | D:1      | Reached XP level 3. HP: 29/33 MP: 2/2
   821 | D:1      | Reached ** piety under Trog
  1025 | D:2      | Found a deep blue altar of Sif Muna.
  1025 | D:2      | Found an ornate altar of the Wu Jian Council.
  1070 | D:2      | Reached skill level 5 in Axes
  1070 | D:2      | Reached XP level 4. HP: 27/41 MP: 3/3
  1307 | D:2      | Found a shadowy altar of Dithmenos.
  1680 | D:3      | Found a hazy altar of Hepliaklqana.
  1706 | D:3      | Noticed zorance's ghost (amateur BaSk)
  1722 | D:3      | Killed zorance's ghost
  1722 | D:3      | Reached skill level 5 in Fighting
  1722 | D:3      | Reached skill level 6 in Axes
  1722 | D:3      | Reached XP level 5. HP: 34/48 MP: 4/4
  1764 | D:3      | HP: 2/48 [poisoned by an adder]
  1828 | D:3      | Reached XP level 6. HP: 15/56 MP: 5/5
  2122 | D:3      | Reached *** piety under Trog
  2699 | D:4      | Noticed karf's ghost (novice MiBe)
  3033 | D:4      | Gained mutation: Scrolls take you a little longer to read. [potion of mutation]
  3033 | D:4      | Gained mutation: Your flesh is heat resistant. (rF+) [potion of mutation]
  3033 | D:4      | Gained mutation: Your mind is acute. (Int +2) [potion of mutation]
  3150 | D:4      | Reached skill level 7 in Axes
  3155 | D:4      | Found a blossoming altar of Fedhas.
  3615 | D:4      | Found a staircase to the Ecumenical Temple.
  3624 | D:4      | Reached skill level 5 in Armour
  3624 | D:4      | Reached XP level 7. HP: 38/62 MP: 6/6
  3836 | D:4      | Found a hide-covered altar of Uskayaw.
  3961 | D:4      | Killed karf's ghost
  3961 | D:4      | Reached skill level 8 in Axes
  4348 | D:3      | Mangled by an ogre

Vault maps used:
D:1:      dpeg_arrival_chambers_temple_mockup, minmay_pentomino_s4
D:2:      chequers_temple_overflow_statue_of_worship, lemuel_round_altar
D:3:      nicolae_overflow_crystal_walls
D:4:      wad_river_or_something, lemuel_crystal_altar,
          overflow_temple_1_default, minmay_temple_entry_overgrown

Skill      XL: |  1  2  3  4  5  6  7 |
---------------+----------------------+-----
Axes           | 4 5 6 7 8 |  8.6
Fighting       | 4 5 6 |  6.5
Armour         | 3 4 5 |  5.9
Dodging        | |  2.2

Action                   |  1- 3 |  4- 6 |  7- 9 || total
-------------------------+-------+-------+-------++-------
Melee: Hand axe          |    68 |   194 |    40 ||   302
       Headbutt          |    10 |    29 |    14 ||    53
Invok: Berserk           |       |     1 |     1 ||     2
       Trog's Hand       |       |       |     1 ||     1
  Use: Scroll            |       |    14 |       ||    14
       Potion            |       |     2 |       ||     2
 Stab: Sleeping          |     1 |       |       ||     1
  Eat: Chunk             |       |     9 |     2 ||    11
       Royal jelly       |       |       |     1 ||     1
Armor: Animal skin       |     9 |       |       ||     9
       Scale mail        |     4 |    10 |       ||    14
       Ring mail         |       |    74 |    10 ||    84
Dodge: Dodged            |    32 |    75 |     8 ||   115

Table legend:
 A = Spawn XP
 B = Non-spawn XP
 C = Spawn XP percentage of total XP
 D = Spawn monster count
 E = Non-spawn monster count
 F = Spawn count percentage of total count
 G = Total turns spent on level
                    A         B        C        D         E        F      G
               +---------+---------+-------+---------+---------+-------+---------
         Total |       0 |    1369 |   0.0 |       0 |     106 |   0.0 |  4348
               +---------+---------+-------+---------+---------+-------+---------
           D:1 |       0 |      49 |   0.0 |       0 |      29 |   0.0 |  1025
           D:2 |       0 |      95 |   0.0 |       0 |      25 |   0.0 |   564
           D:3 |       0 |     301 |   0.0 |       0 |      37 |   0.0 |  1560
           D:4 |       0 |     924 |   0.0 |       0 |      15 |   0.0 |  1199
               +---------+---------+-------+---------+---------+-------+---------
